 Dungeon Crawl Stone Soup version 0.27-a0-531-gb72ec1a1b6 (webtiles) character file.

Game seed: 15737770879282963389

82 Edwin the Sneak (level 4, -3/24 HPs)
             Began as a Kobold Enchanter on Mar 5, 2021.
             Slain by a scorpion (9 damage)
             ... on level 2 of the Dungeon.
             The game lasted 00:07:11 (2737 turns).

Edwin the Sneak (Kobold Enchanter)                  Turns: 2737, Time: 00:07:11

Health: -3/24      AC:  2    Str:  5    XL:     4   Next: 70%
Magic:  1/8        EV: 15    Int: 16    God:
Gold:   112        SH:  0    Dex: 16    Spells: 4/7 levels left

rFire    . . .     SeeInvis .   d - +2 short sword (venom)
rCold    . . .     Faith    .   (shield restricted)
rNeg     . . .     Spirit   .   b - +0 robe
rPois    +         Reflect  .   (no helmet)
rElec    .         Harm     .   (no cloak)
rCorr    .         Rampage  .   (no gloves)
Will     .....                  (no boots)
Stlth    ++++......             (no amulet)
HPRegen  0.08/turn              (no ring)
MPRegen  0.11/turn              (no ring)

@: lethally poisoned (-3 -> -7)
A: small, high mp 1, nightstalker 3, poison resistance
a: no special abilities


You were on level 2 of the Dungeon.
You visited 1 branch of the dungeon, and saw 2 of its levels.

You collected 112 gold pieces.

Inventory:

Hand Weapons
 a - a +1 dagger
 d - a +2 short sword of venom (weapon)
Armour
 b - a +0 robe (worn)
Scrolls
 c - a scroll of blinking {unknown}
 f - a scroll of identify {unknown}
 g - 4 scrolls of amnesia {unknown}
 h - a scroll of teleportation {unknown}
Potions
 e - a potion of ambrosia {unknown}
 i - a potion of heal wounds {unknown}


   Skills:
 + Level 3.6 Short Blades
 + Level 3.0 Dodging
 + Level 5.5 Stealth
 - Level 2.1 Spellcasting
 - Level 3.0 Hexes


You had 4 spell levels left.
You knew the following spells:

 Your Spells              Type           Power      Damage    Failure   Level
a - Corona                Hex            12%        N/A       6%          1
b - Ensorcelled Hibernat  Hex/Ice        12%        N/A       17%         2

Your spell library contained the following spells:

 Spells                   Type           Power      Damage    Failure   Level
 Confusing Touch          Hex            11%        N/A       19%         3
 Tukima's Dance           Hex            11%        N/A       19%         3
 Dazzling Flash           Conj/Hex       12%        N/A       32%         3


Dungeon Overview and Level Annotations

Branches:
Dungeon (2/15)

Altars:
Hepliaklqana
Wu Jian


Innate Abilities, Weirdness & Mutations

You are small and have problems with some larger weapons.
You are completely attuned to the shadows.
You have an increased reservoir of magic. (+10% MP)
Your system is resistant to poisons. (rPois)


Message History

The kobold closely misses you.
Things that are here:
a +0 short sword; 4 stones You barely miss the kobold.
The kobold barely misses you.
The adder hisses angrily.
You hit the kobold.
You kill the kobold!
A scorpion comes into view.
Cast which spell? (? or * to list)
Aiming: Ensorcelled Hibernation (safe; 17% risk of failure)
Press: ? - help, Shift-Dir - straight line, f - adder
Aim: an adder (chance to affect: 47%)
The adder resists with some effort.
The adder barely misses you. The adder bites you.
Casting: Ensorcelled Hibernation (safe; 17% risk of failure)
Confirm with . or Enter, or press ? or * to list all spells.
Aiming: Ensorcelled Hibernation (safe; 17% risk of failure)
Press: ? - help, Shift-Dir - straight line, f/p - adder
Aim: an adder (chance to affect: 47%)
The adder resists with some effort.
The adder bites you.
You are poisoned.
The adder poisons you!
Casting: Ensorcelled Hibernation (safe; 17% risk of failure)
Confirm with . or Enter, or press ? or * to list all spells.
Aiming: Ensorcelled Hibernation (safe; 17% risk of failure)
Press: ? - help, Shift-Dir - straight line, f/p - adder
Aim: an adder (chance to affect: 47%)
The adder looks drowsy...
You feel sick.
The helpless adder fails to defend itself.
You impale the adder!!
You kill the adder!
You feel sick.
You feel sick.
Casting: Ensorcelled Hibernation (safe; 17% risk of failure)
Confirm with . or Enter, or press ? or * to list all spells.
Aiming: Ensorcelled Hibernation (safe; 17% risk of failure)
Press: ? - help, Shift-Dir - straight line, f - scorpion
Aim: a scorpion (chance to affect: 37%)
The scorpion easily resists.
The scorpion stings you!
You die...

###.######..#.#†##
##....# ##...#..#
#.#..?.. ###..#..
#......# #..#..
≈≈≈≈#....$..
#.....
#≈≈≈≈#.......
.#....
.#≈..≈#......
#.#...†
≈≈≈≈≈≈#......
.....
≈≈≈≈≈.@.#....
.#..#
≈≈≈≈≈s####### ##.^
≈≈≈)..# .##.
.≈≈..## ...[
#..#.# .### ..#.)#
..#.#).# ... .##
.... ..


You could see a scorpion.

Vanquished Creatures
  3 adders (D:2)
  2 worms (D:2)
  2 dart slugs (D:2)
  3 giant cockroaches (D:1)
  7 goblins
  5 hobgoblins
  10 kobolds
  2 ball pythons (D:1)
  7 bats
  2 frilled lizards (D:1)
  4 rats
47 creatures vanquished.

Vanquished Creatures (others)
  2 plants (D:1)
2 creatures vanquished.

Grand Total: 49 creatures vanquished

Notes
Turn   | Place    | Note
-------+----------+-------------------------------------------
     0 | D:1      | Edwin the Kobold Enchanter began the quest for the Orb.
     0 | D:1      | Reached XP level 1. HP: 10/10 MP: 3/3
   426 | D:1      | Reached XP level 2. HP: 13/15 MP: 1/5
   471 | D:1      | Learned a level 2 spell: Ensorcelled Hibernation
   990 | D:1      | Reached XP level 3. HP: 19/19 MP: 6/6
  1273 | D:1      | Reached skill level 5 in Stealth
  1274 | D:1      | Gained mutation: Your system is resistant to poisons.
                  | (rPois) [potion of mutation]
  1274 | D:1      | Gained mutation: You have an increased reservoir of magic.
                  | (+10% MP) [potion of mutation]
  2454 | D:2      | Found an ornate altar of the Wu Jian Council.
  2458 | D:2      | Noticed a spectral centipede
  2458 | D:2      | Noticed a spectral black mamba
  2458 | D:2      | Noticed a spectral cane toad
  2572 | D:2      | Reached XP level 4. HP: 24/24 MP: 1/8
  2638 | D:2      | Found a hazy altar of Hepliaklqana.
  2737 | D:2      | Slain by a scorpion

Illustrated notes

Levels and vault maps discovered:
D:1:      dpeg_arrival_renting, layout_basic, chequers_serial_rivers_room_a,
          minmay_shallow_snake_nest
D:2:      layout_rooms, pdpol_wu_jian_five_deadly_venoms,
          nzn_hepliaklqana_mist_gate, yredelemnul_forgotten_temple_becter,
          serial_rivers, chequers_serial_rivers_large_b,
          chequers_serial_rivers_large_a, chequers_serial_rivers_small_b,
          chequers_serial_rivers_room_a, chequers_serial_rivers_marsh

Skill      XL: |  1  2  3  4 |
---------------+-------------+-----
Short Blades   | 2 3 |  3.6
Stealth        | 5 |  5.5
Dodging        | 3 |  3.0
Spellcasting   | |  2.1
Hexes          | |  3.0

Action                   |  1- 3 |  4- 6 || total
-------------------------+-------+-------++-------
Melee: Dagger            |    88 |       ||    88
       Short sword       |    34 |    15 ||    49
 Cast: Corona            |     3 |       ||     3
       Ensorcelled Hiber |    15 |     6 ||    21
  Use: Potion            |     2 |       ||     2
 Stab: Sleeping          |    16 |     4 ||    20
Armor: Robe              |    15 |       ||    15
Dodge: Dodged            |    88 |     6 ||    94

Table legend: (Time is in decaauts)
 A = Elapsed time spent in this place.
 B = Non-inter-level travel time spent in this place.
 C = Inter-level travel time spent in this place.
 D = Time resting spent in this place.
 E = Time spent auto-exploring this place.
 F = Levels seen in this place.
 G = Mean time per level.
                   A        B        C        D        E       F      G
               +--------+--------+--------+--------+--------+-----+--------+
         Total |   2752 |   2702 |     50 |    970 |   1297 |   2 | 1376.0 |
       Dungeon |   2752 |   2702 |     50 |    970 |   1297 |   2 | 1376.0 |
               +--------+--------+--------+--------+--------+-----+--------+

Top non-repeatable levels by time:
     D:1: 2023 daAuts
     D:2: 728 daAuts
